 Dungeon Crawl Stone Soup version 0.20.1-1-g8b1a95d (webtiles) character file.

106 polve the Changer (level 4, 0/35 HPs)
             Began as a Draconian Transmuter on July 4, 2017.
             Slain by an adder (3 damage)
             ... on level 3 of the Dungeon.
             The game lasted 00:03:55 (2954 turns).

polve the Changer (Draconian Transmuter)            Turns: 2954, Time: 00:03:56

Health: 0/35       AC:  5    Str: 13    XL:     4   Next: 55%
Magic:  3/7        EV: 12    Int: 14    God:
Gold:   201        SH:  0    Dex: 11    Spells: 1/7 levels left

rFire    + . .     SeeInvis .     - Unarmed
rCold    x . .     Gourm    .   (no shield)
rNeg     + . .     Faith    .   (armour unavailable)
rPois    .         Spirit   .   (helmet restricted)
rElec    .         Reflect  .   (no cloak)
rCorr    .         Harm     .   (no gloves)
MR       .....                  (boots currently unavailable)
Stlth    +.........             (no amulet)
Regen    0.2/turn               m - ring of fire
MPRegen  0.1/turn               o - ring of positive energy

@: appendage (expiring), very slightly contaminated
A: unfitting armour, talons 3, cold-blooded, AC +5
a: End Transformation


You were on level 3 of the Dungeon.
You were not hungry.
You had grown temporary talons.
You visited 1 branch of the dungeon, and saw 3 of its levels.

You collected 201 gold pieces.

Inventory:

Missiles
 a - 50 arrows (quivered)
Jewellery
 m - a ring of fire (left hand)
 o - a ring of positive energy (right hand)
Scrolls
 g - a scroll of remove curse {unknown}
 i - 3 scrolls of identify {unknown}
Potions
 d - a potion of heal wounds {unknown}
 e - 2 potions of agility {unknown}
 h - a potion of brilliance {unknown}
 j - a potion of berserk rage {unknown}
 l - 2 potions of curing {unknown}
 n - a potion of degeneration {unknown}
Books
 b - a book of Changes

   Spells                             Type                      Level
   a - Beastly Appendage              Transmutation                1
   b - Sticks to Snakes               Transmutation                2
   c - Spider Form                    Transmutation/Poison         3
   d - Ice Form                       Ice/Transmutation            4
   e - Blade Hands                    Transmutation                5
Comestibles
 c - 2 bread rations
 f - 2 meat rations
 k - a royal jelly
 p - a chunk of flesh


   Skills:
 - Level 1.1 Fighting
 - Level 1.7 Dodging
 - Level 3.0 Unarmed Combat
 - Level 2.0 Spellcasting
 + Level 4.8 Transmutations


You had one spell level left.
You knew the following spells:

 Your Spells              Type           Power        Failure   Level  Hunger
a - Beastly Appendage     Tmut           ###...       3%          1    ##.....
b - Sticks to Snakes      Tmut           ###.....     4%          2    ###....
c - Spider Form           Tmut/Pois      #.........   26%         3    ####...


Dungeon Overview and Level Annotations

Branches:
Dungeon (3/15)

Altars:

Annotations:
D:3 Sigmund


Innate Abilities, Weirdness & Mutations

Your plain brown scales are hard. (AC +5)
You cannot fit into any form of body armour.
You are cold-blooded and may be slowed by cold attacks.
You have claws for feet.


Message History

The adder bites you but does no damage.
You barely miss the adder. Your kick misses the adder.
The adder is moderately wounded.
The adder closely misses you. Something hits you!
* * * LOW HITPOINT WARNING * * *
Casting: Beastly Appendage
Confirm with . or Enter, or press ? or * to list all spells.
You create a snake!
You now have 50 arrows.
The adder barely misses you. The adder bites you but does no damage.
Your ball python barely misses the adder. x2
Your ball python barely misses the adder.
Your ball python misses the adder.
Casting: Sticks to Snakes
Confirm with . or Enter, or press ? or * to list all spells.
You miscast Sticks to Snakes.
You are very lightly contaminated with residual magic.
You smell something strange.
Your transformation is almost over.
The adder bites you.
You die...

...........# ###############.#
#...........# #.#
#######.#########.###.#########
...............................
#######.####......###.#########
#.# #......###.# #.#
#......#...#
...######.####..@...#.###
.............'...SS.#.
...#####.#####......#.
...........# ####+#{#.#
.#.##...##.#.. #.#.# +#
#.).##.#.######†#.##...
#...##.#.#....#.#......
+........).............
#......)..........#........


You could see an adder and a friendly ball python.

Vanquished Creatures
  An adder (D:2)
  A worm (D:3)
  5 dart slugs
  2 leopard geckos
  2 orcs (D:3)
  8 bats
  2 giant cockroaches
  10 hobgoblins
  7 jackals
  A quokka (D:2)
  3 frilled lizards
  15 goblins
  9 kobolds
  9 rats
75 creatures vanquished.

Notes
Turn   | Place    | Note
-------+----------+-------------------------------------------
     0 | D:1      | polve the Draconian Transmuter began the quest for the Orb.
     0 | D:1      | Reached XP level 1. HP: 16/16 MP: 3/3
   189 | D:1      | Reached XP level 2. HP: 20/23 MP: 5/5
   263 | D:1      | Learned a level 2 spell: Sticks to Snakes
   314 | D:1      | Reached skill level 3 in Transmutations
   931 | D:1      | Reached XP level 3. HP: 28/28 MP: 6/6
  1387 | D:2      | Reached skill level 4 in Transmutations
  1812 | D:2      | Reached XP level 4. HP: 31/35 MP: 7/7
  2122 | D:3      | Noticed Sigmund
  2696 | D:3      | Learned a level 3 spell: Spider Form
  2954 | D:3      | Slain by an adder

Skill      XL: |  1  2  3 |
---------------+----------+-----
Transmutations | 3 4 |  4.8
Fighting       | |  1.1
Dodging        | |  1.7
Unarmed Combat | |  3.0
Spellcasting   | |  2.0

Action                   |  1- 3 |  4- 6 || total
-------------------------+-------+-------++-------
Melee: Unarmed           |   208 |    73 ||   281
       Headbutt          |     3 |     3 ||     6
       Tailslap          |    16 |    12 ||    28
       Punch             |     3 |     1 ||     4
       Kick              |     5 |     2 ||     7
 Cast: Beastly Appendage |     7 |     7 ||    14
       Sticks to Snakes  |       |     1 ||     1
 Stab: Sleeping          |     1 |       ||     1
  Eat: Chunk             |     3 |     4 ||     7
Armor: Skin              |    64 |    30 ||    94
Dodge: Dodged            |   135 |    51 ||   186
